PL
KINGSTON TOWNSHIP KNIGHTS @ PORTLAND EVERGREENS
09/30/2041
 
TOP OF THE 1ST
Kingston Township Knights batting - Pitching for Portland Evergreens : RHP Cristián Moreno
Pitching: RHP Cristián Moreno
Batting: RHB Daniel Maldonado 0-0: Foul Ball, location: 2F
0-1: SINGLE (Groundball, 4D, EV 103.8 MPH)
Batting: RHB Amor Campos 0-0: Fielders Choice at 2nd, 5-4 (Groundball, 5, EV 96.2 MPH)
Batting: RHB Daniel McCoy 0-0: Called Strike
0-1: Ball
1-1: Ball
2-1: Fielders Choice at 2nd, 4-6 (Groundball, 34, EV 87.5 MPH)
Batting: LHB Ed Mellor 0-0: Ball
1-0: Foul Ball, location: 2F
1-1: Ball
2-1: Foul Ball, location: 2F
2-2: Fly out, F7 (Flyball, 7LD, EV 98.1 MPH)
Top of the 1st over - 0 runs, 1 hit, 0 errors, 1 left on base; Kingston Township 0 - Portland 0
BOTTOM OF THE 1ST
Portland Evergreens batting - Pitching for Kingston Township Knights : RHP Zebulon Vermillion
Pitching: RHP Zebulon Vermillion
Batting: RHB Orlando Velásquez 0-0: Swinging Strike
0-1: Ball
1-1: Swinging Strike
1-2: Foul Ball, location: 2F
1-2: Strikes out swinging
Batting: LHB Fernando Soto 0-0: Fly out, F7 (Flyball, 7S, EV 93.1 MPH)
Batting: RHB Kameron Guangorena 0-0: Called Strike
0-1: Fly out, F7 (Flyball, 7, EV 82.5 MPH)
Bottom of the 1st over - 0 runs, 0 hits, 0 errors, 0 left on base; Kingston Township 0 - Portland 0
TOP OF THE 2ND
Kingston Township Knights batting - Pitching for Portland Evergreens : RHP Cristián Moreno
Batting: RHB Holden Ford 0-0: Foul Ball, location: 2F
0-1: Ball
1-1: Ball
2-1: Ball
3-1: SINGLE (Line Drive, 56D, EV 103.8 MPH)
Batting: RHB Jorge Ozezera 0-0: Ball
1-0: Called Strike
1-1: Called Strike
1-2: Ball
2-2: Foul Ball, location: 2F
2-2: Ball
3-2: Fly out, F8 (Line Drive, 8LD, EV 107.5 MPH)
Batting: RHB Tom Rowland 0-0: Called Strike
0-1: Swinging Strike
0-2: Ball
1-2: Ball
2-2: Strikes out swinging
Batting: RHB Takenao Wakabayashi 0-0: Ground out 5-3 (Groundball, 56S, EV 66.2 MPH)
Top of the 2nd over - 0 runs, 1 hit, 0 errors, 1 left on base; Kingston Township 0 - Portland 0
BOTTOM OF THE 2ND
Portland Evergreens batting - Pitching for Kingston Township Knights : RHP Zebulon Vermillion
Batting: SHB Tetsu Matsumoto 0-0: Ball
1-0: Called Strike
1-1: Called Strike
1-2: Ball
2-2: Fly out, F9 (Flyball, 89S, EV 81.9 MPH)
Batting: RHB An-te-hai Qing 0-0: Called Strike
0-1: SINGLE (Flyball, 9LS, EV 89.4 MPH)
Batting: LHB Vicente Gomillion 0-0: Foul Ball, location: 2F
0-1: Ball
1-1: Ball
2-1: Fielders Choice at 2nd, 4-6 (Groundball, 34, EV 109.4 MPH)
Batting: LHB Surender Nada 0-0: Ball
1-0: Ball
2-0: Called Strike
2-1: Foul Ball, location: 2F
2-2: Ball
3-2: Base on Balls
Vicente Gomillion to second
Batting: LHB Leonid Machehin 0-0: Called Strike
0-1: Reached on error, E3 (Groundball, 3, EV 78.8 MPH)
Vicente Gomillion to third
Surender Nada to second
Batting: RHB Orlando Samundio 0-0: Called Strike
0-1: SINGLE (Groundball, 6MD, EV 95.6 MPH)
Vicente Gomillion scores
Surender Nada to third
Leonid Machehin to second
Runner from 3rd tries for Home, SAFE, throw by CF to home
Batting: RHB Orlando Velásquez 0-0: Swinging Strike
0-1: Ball
1-1: Ball
2-1: Called Strike
2-2: Strikes out swinging
Bottom of the 2nd over - 2 runs, 2 hits, 1 error, 2 left on base; Kingston Township 0 - Portland 2
TOP OF THE 3RD
Kingston Township Knights batting - Pitching for Portland Evergreens : RHP Cristián Moreno
Batting: RHB Glenn Curtis 0-0: Ball
1-0: Swinging Strike
1-1: Ball
2-1: Called Strike
2-2: Fly out, F8 (Line Drive, 8RD, EV 99.4 MPH)
Batting: RHB Daniel Maldonado 0-0: Ball
1-0: Swinging Strike
1-1: Ball
2-1: Ball
3-1: Base on Balls
Batting: RHB Amor Campos 0-0: Ball
1-0: Called Strike
1-1: Ball
2-1: Grounds into double play, 5-4-3 (Groundball, 56S, EV 78.8 MPH)
Top of the 3rd over - 0 runs, 0 hits, 0 errors, 0 left on base; Kingston Township 0 - Portland 2
BOTTOM OF THE 3RD
Portland Evergreens batting - Pitching for Kingston Township Knights : RHP Zebulon Vermillion
Batting: LHB Fernando Soto 0-0: Ground out 1-3 (Groundball, 34S, EV 75.0 MPH)
Batting: RHB Kameron Guangorena 0-0: Ball
1-0: Ball
2-0: Called Strike
2-1: Foul Ball, location: 2F
2-2: Ball
3-2: DOUBLE (Flyball, 8LXD, EV 98.8 MPH)
Batting: SHB Tetsu Matsumoto 0-0: Ball
1-0: Foul Ball, location: 2F
1-1: SINGLE (Line Drive, 9S, EV 92.5 MPH)
Kameron Guangorena to third
Batting: RHB An-te-hai Qing 0-0: Fly out, F9 (Flyball, 9, EV 93.1 MPH)
Runner from 3rd tags up, SCORES, throw by RF
Batting: LHB Vicente Gomillion 0-0: Fly out, F7 (Flyball, 78S, EV 90.0 MPH)
Bottom of the 3rd over - 1 run, 2 hits, 0 errors, 1 left on base; Kingston Township 0 - Portland 3
TOP OF THE 4TH
Kingston Township Knights batting - Pitching for Portland Evergreens : RHP Cristián Moreno
Batting: RHB Daniel McCoy 0-0: Foul Ball, location: 2F
0-1: Swinging Strike
0-2: Strikes out swinging
Batting: LHB Ed Mellor 0-0: Called Strike
0-1: Called Strike
0-2: Ball
1-2: Ball
2-2: Ball
3-2: Fly out, F9 (Flyball, 89M, EV 82.5 MPH)
Batting: RHB Holden Ford 0-0: Called Strike
0-1: Called Strike
0-2: Strikes out swinging
Top of the 4th over - 0 runs, 0 hits, 0 errors, 0 left on base; Kingston Township 0 - Portland 3
BOTTOM OF THE 4TH
Portland Evergreens batting - Pitching for Kingston Township Knights : RHP Zebulon Vermillion
Batting: LHB Surender Nada 0-0: Called Strike
0-1: Ball
1-1: Ground out 1-3 (Groundball, P, EV 83.1 MPH)
Batting: LHB Leonid Machehin 0-0: Ball
1-0: Swinging Strike
1-1: SINGLE (Groundball, 34D, EV 97.5 MPH)
Batting: RHB Orlando Samundio 0-0: SINGLE (Groundball, 56D, EV 97.5 MPH)
Leonid Machehin to second
Batting: RHB Orlando Velásquez 0-0: Called Strike
0-1: Foul Ball, location: 2F
0-2: Ball
1-2: SINGLE (Flyball, 89S, EV 95.6 MPH)
Leonid Machehin to third
Orlando Samundio to second
Batting: LHB Fernando Soto 0-0: Foul Ball, location: 2F
0-1: Fly out, F9 (Flyball, 89M, EV 92.5 MPH)
Runner from 3rd tags up, SCORES, throw by RF
Orlando Samundio to third
Batting: RHB Kameron Guangorena 0-0: Foul Ball, location: 2F
0-1: Ball
1-1: SINGLE (Flyball, 78S, EV 96.2 MPH)
Orlando Samundio scores
Orlando Velásquez to second
Batting: SHB Tetsu Matsumoto 0-0: Foul Ball, location: 2F
0-1: Foul Ball, location: 2F
0-2: Ball
Wild Pitch!
Orlando Velásquez to third
Kameron Guangorena to second
1-2: Strikes out looking
Bottom of the 4th over - 2 runs, 4 hits, 0 errors, 2 left on base; Kingston Township 0 - Portland 5
TOP OF THE 5TH
Kingston Township Knights batting - Pitching for Portland Evergreens : RHP Cristián Moreno
Batting: RHB Jorge Ozezera 0-0: Ball
1-0: Ball
2-0: Foul Ball, location: 2F
2-1: Foul Ball, location: 2F
2-2: Foul Ball, location: 2F
2-2: Ball
3-2: Ground out 6-3 (Groundball, 6, EV 90.6 MPH)
Batting: RHB Tom Rowland 0-0: Called Strike
0-1: Ball
1-1: Foul Ball, location: 2F
1-2: Foul Ball, location: 2F
1-2: Fly out, F8 (Flyball, 8RD, EV 87.5 MPH)
Batting: RHB Takenao Wakabayashi 0-0: Foul Ball, location: 2F
0-1: Called Strike
0-2: Ground out 5-3 (Groundball, 56S, EV 76.9 MPH)
Top of the 5th over - 0 runs, 0 hits, 0 errors, 0 left on base; Kingston Township 0 - Portland 5
BOTTOM OF THE 5TH
Portland Evergreens batting - Pitching for Kingston Township Knights : RHP Zebulon Vermillion
Batting: RHB An-te-hai Qing 0-0: Called Strike
0-1: Foul Ball, location: 2F
0-2: DOUBLE (Line Drive, 7LD, EV 106.2 MPH)
Batting: LHB Vicente Gomillion 0-0: Swinging Strike
0-1: Foul Ball, location: 2F
0-2: Strikes out swinging
Batting: LHB Surender Nada 0-0: Ball
1-0: Ball
2-0: Ball
3-0: Called Strike
3-1: SINGLE (Line Drive, 78S, EV 108.1 MPH)
An-te-hai Qing to third
Runner from 3rd tries for Home, SAFE, no throw by CF
Batting: LHB Leonid Machehin 0-0: Swinging Strike
0-1: Fly out, F4 (Popup, 4, EV 68.1 MPH)
Batting: RHB Orlando Samundio 0-0: Swinging Strike
0-1: Ball
1-1: Ground out 4-3 (Groundball, 4, EV 106.9 MPH)
Bottom of the 5th over - 1 run, 2 hits, 0 errors, 1 left on base; Kingston Township 0 - Portland 6
TOP OF THE 6TH
Kingston Township Knights batting - Pitching for Portland Evergreens : RHP Cristián Moreno
Batting: RHB Glenn Curtis 0-0: Ball
1-0: Called Strike
1-1: Foul Ball, location: 2F
1-2: Reached via error on a dropped throw from 1B, E1 (Groundball, 34, EV 99.4 MPH)
Batting: RHB Daniel Maldonado 0-0: Ball
1-0: Foul Ball, location: 2F
1-1: Foul Ball, location: 2F
1-2: Fly out, F7 (Line Drive, 7, EV 93.1 MPH)
Batting: RHB Amor Campos 0-0: Ball
1-0: Ball
2-0: Called Strike
2-1: Fly out, F7 (Flyball, 7LSF, EV 96.9 MPH)
Batting: RHB Daniel McCoy 0-0: Fly out, F9 (Flyball, 9S, EV 89.4 MPH)
Top of the 6th over - 0 runs, 0 hits, 1 error, 1 left on base; Kingston Township 0 - Portland 6
BOTTOM OF THE 6TH
Portland Evergreens batting - Pitching for Kingston Township Knights : RHP Zebulon Vermillion
Batting: RHB Orlando Velásquez 0-0: Called Strike
0-1: Ball
1-1: Fly out, F7 (Flyball, 7D, EV 98.1 MPH)
Batting: LHB Fernando Soto 0-0: Called Strike
0-1: Ball
1-1: Called Strike
1-2: Foul Ball, location: 2F
1-2: Strikes out swinging
Batting: RHB Kameron Guangorena 0-0: Ball
1-0: Swinging Strike
1-1: Foul Ball, location: 2F
1-2: Fly out, F7 (Flyball, 78M, EV 90.6 MPH)
Bottom of the 6th over - 0 runs, 0 hits, 0 errors, 0 left on base; Kingston Township 0 - Portland 6
TOP OF THE 7TH
Kingston Township Knights batting - Pitching for Portland Evergreens : RHP Cristián Moreno
Batting: LHB Ed Mellor 0-0: Ball
1-0: Swinging Strike
1-1: Swinging Strike
1-2: Ball
2-2: Strikes out swinging, 2-3 out at first.
Pitching: RHP Clarence Jones
Batting: RHB Holden Ford 0-0: Called Strike
0-1: Ball
1-1: Foul Ball, location: 2F
1-2: Foul Ball, location: 3F, Error on foul ball, E3
1-2: Ground out 5-3 (Groundball, 56S, EV 78.8 MPH)
Batting: RHB Jorge Ozezera 0-0: Ball
1-0: Called Strike
1-1: Ball
2-1: Called Strike
2-2: Ball
3-2: Foul Ball, location: 2F
3-2: Strikes out swinging
Top of the 7th over - 0 runs, 0 hits, 1 error, 0 left on base; Kingston Township 0 - Portland 6
BOTTOM OF THE 7TH
Portland Evergreens batting - Pitching for Kingston Township Knights : RHP Zebulon Vermillion
Batting: SHB Tetsu Matsumoto 0-0: Ball
1-0: Ball
2-0: Foul Ball, location: 2F
2-1: SINGLE (Groundball, 34D, EV 109.4 MPH)
Batting: RHB An-te-hai Qing 0-0: Swinging Strike
0-1: SINGLE (Groundball, 56D, EV 100.0 MPH)
Tetsu Matsumoto to second
Batting: LHB Vicente Gomillion 0-0: DOUBLE (Groundball, 3L, EV 102.5 MPH)
Tetsu Matsumoto scores
An-te-hai Qing to third
Pitching: RHP Aki Sato
Batting: LHB Surender Nada 0-0: Ball
1-0: Foul Ball, location: 2F
1-1: SINGLE (Groundball, 6D, EV 101.9 MPH)
An-te-hai Qing scores
Vicente Gomillion to third
Runner from 3rd tries for Home, throw by CF and OUT! 8-2
Surender Nada to second
Batting: LHB Leonid Machehin 0-0: Ball
1-0: Fly out, F7 (Flyball, 7, EV 89.4 MPH)
Batting: RHB Orlando Samundio 0-0: Foul Ball, location: 2F
0-1: Ball
1-1: Fly out, F7 (Flyball, 7S, EV 95.0 MPH)
Bottom of the 7th over - 2 runs, 4 hits, 0 errors, 1 left on base; Kingston Township 0 - Portland 8
TOP OF THE 8TH
Kingston Township Knights batting - Pitching for Portland Evergreens : RHP Clarence Jones
Batting: RHB Tom Rowland 0-0: Ball
1-0: Ball
2-0: Foul Ball, location: 2F
2-1: Ball
3-1: Called Strike
3-2: Foul Ball, location: 2F
3-2: Strikes out swinging
Batting: RHB Takenao Wakabayashi 0-0: Ball
1-0: Called Strike
1-1: Ball
2-1: Ball
3-1: Ground out 5-3 (Groundball, 5L, EV 103.8 MPH)
Batting: RHB Glenn Curtis 0-0: Ball
1-0: Ball
2-0: Called Strike
2-1: Swinging Strike
2-2: Foul Ball, location: 2F
2-2: Strikes out swinging
Top of the 8th over - 0 runs, 0 hits, 0 errors, 0 left on base; Kingston Township 0 - Portland 8
BOTTOM OF THE 8TH
Portland Evergreens batting - Pitching for Kingston Township Knights : RHP Aki Sato
Batting: RHB Orlando Velásquez 0-0: Foul Ball, location: 2F
0-1: Ball
1-1: Ball
2-1: Swinging Strike
2-2: Ball
3-2: Strikes out looking
Batting: LHB Fernando Soto 0-0: Called Strike
0-1: Foul Ball, location: 2F
0-2: Strikes out swinging
Batting: RHB Kameron Guangorena 0-0: Ball
1-0: Ground out 6-3 (Groundball, 56, EV 85.6 MPH)
Bottom of the 8th over - 0 runs, 0 hits, 0 errors, 0 left on base; Kingston Township 0 - Portland 8
TOP OF THE 9TH
Kingston Township Knights batting - Pitching for Portland Evergreens : RHP Clarence Jones
Batting: RHB Daniel Maldonado 0-0: Called Strike
0-1: Ball
1-1: Foul Ball, location: 2F
1-2: Ball
2-2: Ground out 1-3 (Groundball, 15, EV 85.6 MPH)
Batting: RHB Amor Campos 0-0: Ground out 6-3 (Groundball, 6S, EV 85.6 MPH)
Batting: RHB Daniel McCoy 0-0: Called Strike
0-1: Ball
1-1: Fly out, F7 (Flyball, 8LM, EV 90.6 MPH)
Top of the 9th over - 0 runs, 0 hits, 0 errors, 0 left on base; Kingston Township 0 - Portland 8
Tuesday, January 5th, 2021 - OOTP Baseball 20.8 Build 74